 Dungeon Crawl Stone Soup version 0.31-a0-1118-gbca3d03946 (webtiles) character file.

Game seed: 953827045578012594

1492272 Flugkiller the Warrior (level 26, 196/196 HPs)
             Began as a Mummy Wanderer on Dec 4, 2023.
             Was a High Priest of Hepliaklqana.
             Escaped with the Orb
             ... and 3 runes!
             The game lasted 02:40:53 (90525 turns).

Flugkiller the Warrior (Mummy Wanderer)            Turns: 90525, Time: 02:40:54

Health: 196/196    AC: 30    Str: 20    XL:     26   Next: 76%
Magic:  55/55      EV: 20    Int: 31    God:    Hepliaklqana [*****.]
Gold:   3242       SH: 18    Dex: 18    Spells: 20/61 levels left

rFire   + + .        a - +4 demon whip (spect)
rCold   + + +        x - +5 kite shield {AC+3}
rNeg    + + +        c - +6 faerie dragon scales {rCorr Dex+5}
rPois   ∞            k - +3 hat of Pondering {ponderous, Will+ MP+10 Int+5}
rElec   .            Q - scarf {rC+ rF+}
rCorr   +            D - +2 pair of gloves
SInv    .            h - +3 pair of mountain boots {steadfast, rC+}
Will    +++++        O - amulet "Dammaus" {RegenMP +Blink}
Stlth   +            g - ring of the Suburbs {Wiz rF++ rC+}
HPRegen 0.52/turn    J - ring "Vapsyent" {Contam Will+ Int+9 Slay+2}
MPRegen 0.74/turn

%: faith, wizardry (x1)
@: studying Spellcasting, slow
A: reduced essence, cold resistance 1, negative energy resistance 3, torment
resistance 2, heat vulnerability 1, in touch with death 2, no potions, faith
0: Orb of Zot
}: 3/15 runes: serpentine, barnacled, slimy
a: Renounce Religion, Evoke Blink, Recall Ancestor, Ancestor Identity,
Transference, Idealise


You escaped.
You worshipped Hepliaklqana.
Hepliaklqana was extremely pleased with you.
You visited 11 branches of the dungeon, and saw 52 of its levels.
You visited 1 bazaar.
You also visited: Gauntlet and Ice Cave.

You collected 8195 gold pieces.
You spent 4953 gold pieces at shops.

Inventory:

Hand Weapons
 a - a +4 spectral demon whip (weapon)
   (You found it on level 3 of the Vaults)
Missiles
 y - 7 curare-tipped darts
 N - a throwing net
Armour
 c - the +6 faerie dragon scales (worn) {rCorr Dex+5}
   (You took it off the Enchantress on level 4 of the Depths)

   Dex+5:     It affects your dexterity (+5).
   rCorr:     It protects you from acid and corrosion.
 f - the sphere of Battle
   (You found it on level 5 of the Pits of Slime)

   Battle:    It summons a battlesphere in combat, with strength depending on
   Conjurations skill.
   Destructive: It enhances your destructive magic, and weakens non-destructive
   magic.
 h - the +3 pair of mountain boots (worn) {steadfast, rC+}
   (You found it on level 3 of the Elven Halls)

   Steadfast: It prevents involuntary movement, except for blinking,
   teleportation, or banishment.
   rC+:       It protects you from cold.
 k - the +3 hat of Pondering (worn) {ponderous, Will+ MP+10 Int+5}
   (You found it on level 3 of the Elven Halls)

   Int+5:     It affects your intelligence (+5).
   Will+:     It increases your willpower.
   MP+10:     It affects your magic capacity (+10).
 x - a +5 kite shield of protection (worn)
   (You took it off a naga warrior on level 4 of the Snake Pit)
 D - a +2 pair of gloves (worn)
   (You found it on level 1 of the Shoals)
 K - the +6 chain mail of Kabreik {Int+5}
   (You found it in a Gauntlet)

   Int+5:     It affects your intelligence (+5).
 Q - a scarf of resistance (worn)
   (You bought it in a shop on level 1 of the Snake Pit)
 S - the +4 dragonskin cloak
   (You took it off Tiamat on level 3 of the Realm of Zot)

   Avatar's Aegis: It grants the wearer a chance to resist fire, cold, poison,
   electricity, acid, and negative energy.
Magical Staves
 b - the staff "Fish" {rElec rF+ Dex+4 Air}
   (You found it on level 4 of the Shoals)

   [staff of air]

   Base accuracy: +5 Base damage: 5 Base attack delay: 1.2 This weapon's minimum
   attack delay (0.6) is reached at skill level 12.
   Dex+4:     It affects your dexterity (+4).
   rF+:       It protects you from fire.
   rElec:     It insulates you from electricity.
   Air:       It increases the power of your Air spells.
   It falls into the 'Staves' category.
   It is a one-handed weapon.
 w - a staff of cold
   (You found it on level 1 of the Depths)
Jewellery
 g - the ring of the Suburbs (left hand) {Wiz rF++ rC+}
   (You bought it in a shop on level 1 of the Depths)

   [ring of wizardry]

   Wiz:       It improves your spell success rate.
   rF++:      It greatly protects you from fire.
   rC+:       It protects you from cold.
 i - a ring of see invisible
   (You found it in a Gauntlet)
 m - a ring of willpower
   (You found it on level 4 of the Dungeon)
 p - a ring of protection from fire
   (You found it on level 1 of the Elven Halls)
 r - a ring of ice
   (You found it on level 4 of the Shoals)
 v - a +5 ring of evasion
   (You bought it in a shop in a bazaar)
 A - a +6 ring of intelligence
   (You bought it in a shop in a bazaar)
 B - the ring of the Demon Prince {Str+6 Slay+3}
   (You took it off a fire giant on level 3 of the Depths)

   [ring of strength]

   Str+6:     It affects your strength (+6).
   Slay+3:    It affects your accuracy & damage with ranged weapons and melee
   (+3).
 E - a +6 ring of intelligence
   (You took it off a draconian scorcher on level 3 of the Realm of Zot)
 I - an amulet of regeneration
   (You found it on level 1 of the Elven Halls)
 J - the ring "Vapsyent" (right hand) {Contam Will+ Int+9 Slay+2}
   (You found it in a Gauntlet)

   [ring of willpower]

   Int+9:     It affects your intelligence (+9).
   Slay+2:    It affects your accuracy & damage with ranged weapons and melee
   (+2).
   Will+:     It increases your willpower.
   Contam:    It causes magical contamination when unequipped.
 O - the amulet "Dammaus" (around neck) {RegenMP +Blink}
   (You found it on level 3 of the Depths)

   [amulet of magic regeneration]

   RegenMP:   It increases your rate of magic regeneration.
   +Blink:    It lets you blink.
 R - a ring of flight
   (You found it on level 2 of the Shoals)
Wands
 d - a wand of paralysis (33)
   (You found it in an ice cave)
 l - a wand of iceblast (14)
   (You found it on level 4 of the Dungeon)
 s - a wand of light (6)
   (You found it on level 4 of the Dungeon)
 F - a wand of mindburst (21)
   (You found it on level 1 of the Lair of Beasts)
 T - a wand of digging (12)
   (You found it on level 4 of the Shoals)
Scrolls
 e - 10 scrolls of vulnerability
 j - 10 scrolls of immolation
 n - 3 scrolls of torment
 q - 13 scrolls of revelation
 t - 12 scrolls of teleportation
 u - 3 scrolls of poison
 z - 4 scrolls of blinking
 C - a scroll of enchant armour
 G - 4 scrolls of fear
 H - 12 scrolls of amnesia
 P - 3 scrolls of summoning
 V - 7 scrolls of fog
Miscellaneous
 o - a phantom mirror
   (You found it on level 4 of the Lair of Beasts)
 M - a box of beasts
   (You found it on level 1 of the Shoals)
 U - a lightning rod (4/4)
   (You found it on level 4 of the Shoals)


   Skills:
 - Level 20.0 Fighting
 - Level 12.0 Maces & Flails
 - Level 14.0 Armour
 - Level 15.0 Dodging
 - Level 1.0 Stealth
 - Level 12.0 Shields
 - Level 18.0 Spellcasting
 - Level 12.0 Conjurations
 - Level 9.1 Necromancy
 - Level 10.0 Transmutations
 - Level 4.1 Fire Magic
 - Level 18.0 Ice Magic
 - Level 2.0 Air Magic
 - Level 9.0 Poison Magic
 + Level 12.4 Invocations
 - Level 8.0 Evocations


You had 20 spell levels left.
You knew the following spells:

 Your Spells              Type           Power      Damage    Failure   Level
a - Foxfire               Conj/Fire      100%       2x1d9     1%          1
b - Poisonous Vapours     Pois/Air       100%       N/A       1%          2
c - Ignite Poison         Fire/Tmut/Pois 66%        N/A       1%          3
d - Mephitic Cloud        Conj/Pois/Air  66%        N/A       1%          3
e - Olgreb's Toxic Radia  Pois           70%        N/A       1%          4
f - Simulacrum            Ice/Necr       64%        N/A       1%          6
g - Hailstorm             Conj/Ice       88%        3d14      0%          3
h - Ozocubu's Refrigerat  Ice            48%        4d18      1%          7
i - Irradiate             Conj/Tmut      38%        3d24      1%          5
j - Metabolic Englaciati  Hex/Ice        35%        N/A       1%          5
r - Blink                 Tloc           54%        N/A       1%          2

Your spell library contained the following spells:

 Spells                   Type           Power      Damage    Failure   Level
 Magic Dart               Conj           100%       1d8       0%          1
 Frozen Ramparts          Ice            100%       1d16      0%          3
 Ozocubu's Armour         Ice            96%        N/A       0%          3
 Apportation              Tloc           54%        N/A       1%          1
 Necrotise                Necr           100%       1d9       1%          1
 Shock                    Conj/Air       100%       1d9       1%          1
 Sting                    Tmut/Pois      100%       1d8       1%          1
 Summon Small Mammal      Summ           100%       N/A       1%          1
 Call Imp                 Summ           54%        N/A       1%          2
 Cigotuvi's Dreadful Rot  Necr/Pois/Air  100%       N/A       1%          2
 Ensorcelled Hibernation  Hex/Ice        100%       N/A       1%          2
 Jinxbite                 Hex            54%        N/A       1%          2
 Lesser Beckoning         Tloc           54%        N/A       1%          2
 Momentum Strike          Conj/Tloc      100%       3d10      1%          2
 Passwall                 Tmut/Erth      46%        N/A       1%          2
 Scorch                   Fire           100%       2d9       1%          2
 Dazzling Flash           Conj/Hex       100%       N/A       1%          3
 Stone Arrow              Conj/Erth      100%       3d13      1%          3
 Swiftness                Air            40%        N/A       1%          3
 Vampiric Draining        Necr           100%       2d13      1%          3
 Volatile Blastmotes      Fire/Tloc      80%        2d16      1%          3
 Anguish                  Hex/Necr       45%        N/A       1%          4
 Animate Dead             Necr           100%       N/A       1%          4
 Dispel Undead            Necr           100%       3d31      1%          4
 Flame Wave               Conj/Fire      67%        2d15      1%          4
 Iskenderun's Mystic Bla  Conj/Tloc      60%        2d13      1%          4
 Petrify                  Tmut/Erth      56%        N/A       1%          4
 Summon Ice Beast         Ice/Summ       70%        N/A       1%          4
 Agony                    Necr           100%       N/A       1%          5
 Alistair's Intoxication  Tmut/Pois      48%        N/A       1%          5
 Arcjolt                  Conj/Air       31%        1d41      1%          5
 Fireball                 Conj/Fire      33%        3d14      1%          5
 Freezing Cloud           Conj/Ice/Air   38%        6-21      1%          5
 Iskenderun's Battlesphe  Conj           80%        2d13      1%          5
 Call Canine Familiar     Summ           27%        N/A       3%          3
 Gell's Gravitas          Tloc           27%        N/A       3%          3
 Sigil of Binding         Hex            27%        N/A       3%          3
 Summon Guardian Golem    Hex/Summ       27%        N/A       3%          3
 Teleport Other           Tloc           27%        N/A       3%          3
 Tukima's Dance           Hex            27%        N/A       3%          3
 Yara's Violent Unravell  Hex/Tmut       28%        3d12      4%          5
 Death Channel            Necr           56%        N/A       4%          6
 Eringya's Noxious Bog    Tmut/Pois      36%        4d6       4%          6
 Airstrike                Air            20%        2d(3-19)  5%          4
 Borgnjor's Vile Clutch   Necr/Erth      45%        N/A       5%          5
 Summon Lightning Spire   Summ/Air       34%        N/A       9%          4
 Vhi's Electric Charge    Tloc/Air       68%        N/A       9%          4
 Conjure Ball Lightning   Conj/Air       31%        3x3d10    11%         6
 Animate Armour           Summ/Erth      54%        N/A       12%         4
 Cause Fear               Hex            13%        N/A       12%         4
 Dimensional Bullseye     Hex/Tloc       13%        N/A       12%         4
 Leda's Liquefaction      Hex/Erth       13%        N/A       12%         4
 Manifold Assault         Tloc           27%        N/A       12%         4
 Passage of Golubria      Tloc           27%        N/A       12%         4
 Bombard                  Conj/Erth      30%        9d5       16%         6
 Silence                  Hex/Air        17%        N/A       22%         5
 Lee's Rapid Deconstruct  Erth           13%        3d9*      32%         5
 Summon Forest            Summ/Tloc      13%        N/A       32%         5
 Summon Mana Viper        Hex/Summ       27%        N/A       32%         5
 Spellforged Servitor     Conj/Summ      30%        N/A       61%         7
 Haunt                    Necr/Summ      45%        N/A       82%         7
 Dispersal                Tloc           13%        N/A       86%         6
 Summon Cactus Giant      Summ           13%        N/A       86%         6
 Infestation              Necr           56%        N/A       86%         8
 Enfeeble                 Hex            13%        N/A       100%        7
 Summon Hydra             Summ           13%        N/A       100%        7
 Discord                  Hex            13%        N/A       100%        8
 Disjunction              Tloc           13%        N/A       100%        8
 Maxwell's Capacitive Co  Air            20%        ∞         100%        8
 Dragon's Call            Summ           13%        N/A       100%        9
 Sublimation of Blood     Necr           Unusable   N/A       N/A         2
 Wereblood                Tmut           Unusable   N/A       N/A         2
 Borgnjor's Revivificati  Necr           Unusable   N/A       N/A         8
 Death's Door             Necr           Unusable   N/A       N/A         9

Dungeon Overview and Level Annotations

Branches:
Dungeon (15/15)            Temple (1/1) D:6            Lair (5/5) D:10
 Shoals (4/4) Lair:2        Snake (4/4) Lair:2        Slime (5/5) Lair:4
    Orc (2/2) D:10            Elf (3/3) Orc:2        Vaults (4/5) D:14
  Crypt (0/3) Vaults:2     Depths (4/4) D:15            Zot (5/5) Depths:4
  IceCv (visited)         Gauntlet (visited)

Altars:
Ashenzari
Cheibriados
Dithmenos
Fedhas
Gozag
Hepliaklqana
Kikubaaqudgha
Makhleb
Nemelex Xobeh
Okawaru
Qazlal
Ru
Sif Muna
Trog
Uskayaw
Vehumet
Wu Jian
Xom
Yredelemnul
Jiyva

Shops:
D:1 :   Orc:2 (:(*[   Shoals:1 (   Shoals:3 *([   Snake:1 *[:   Vaults:1 !?
Depths:1 =   Depths:3 *   Depths:4 *[

Portals:
Hell: Depths:1 Depths:2 Depths:3 Depths:4
Abyss: Depths:3 Depths:4
Pandemonium: Depths:2
Ziggurat: Depths:1

Annotations:
D:15 1 runed translucent door, Eneel's ghost, journeyman DsWn


Innate Abilities, Weirdness & Mutations

Your life essence is reduced to manifest your ancestor. (-10% HP)
You are immune to poison.
Your flesh is cold resistant. (rC+)
You are immune to negative energy. (rN+++)
You are immune to unholy pain and torment.
You are vulnerable to heat. (rF-)
You are strongly in touch with the powers of death.
You do not drink.
You have a special connection with the divine. (Faith)


Message History

You swap places.
MuOP hits the ice devil with a +0 lajatang of freezing!!
The ice devil hits MuOP but does no damage.
Hepliaklqana grants MuOP healing and protection!
MuOP hits the ice devil with a +0 lajatang of freezing!!!
The ice devil dies!
MuOP gestures at the seraph while chanting.
The crystal spear hits the seraph!!!
The seraph shouts a warning to its allies!
What are your orders? t - Shout!
Orders for allies: a - Attack new target. r - Retreat! s - Stop attacking. g - Guard the area. f - Follow me.
Anything else - Cancel.
Gang up on whom?
Press: ? - help, Dir - move target, f - seraph
Aim: a seraph, wielding a +8 great sword of flaming and wearing +1 pearl dragon scales (moderately wounded, ally target, haloed)
Okay, then.
The seraph gestures.
The seraph begins to accept its allies' injuries.
The seraph shouts a warning to its allies!
Unknown command.
What are your orders? t - Shout!
Orders for allies: a - Attack new target. r - Retreat! s - Stop attacking. g - Guard the area. f - Follow me.
Anything else - Cancel.
Gang up on whom?
Press: ? - help, Dir - move target, f - seraph
Aim: a seraph, wielding a +8 great sword of flaming and wearing +1 pearl dragon scales (moderately wounded, catching its breath, ally target, haloed) Attack!
MuOP completely misses the seraph.
The seraph hits MuOP with a +8 great sword of flaming!!!
The seraph burns MuOP.
The seraph hits MuOP but does no damage.
The cherub sings a powerful hymn!
The seraph goes into a battle-frenzy!
MuOP points at the seraph and mumbles some strange words.
The crystal spear hits the seraph!!!
The seraph hits MuOP with a +8 great sword of flaming!!!!
The seraph burns MuOP!
MuOP is destroyed!
Unknown command.
Press: ? - help, v - describe, . - travel
Here: a seraph, wielding a +8 great sword of flaming and wearing +1 pearl dragon scales (heavily wounded, strong, haloed)
The floor.
Unknown command.
Unknown command.
Unknown command.
Press: ? - help, v - describe, . - travel
Here: a seraph, wielding a +8 great sword of flaming and wearing +1 pearl dragon scales (heavily wounded, strong, haloed)
The floor.
Unknown command.
Casting: Irradiate (mildly dangerous; 1% risk of failure)
Confirm with . or Enter, or press ? or * to list all spells.
The heat is drained from your surroundings.
The seraph is heavily wounded.
The cherub is lightly wounded.
Unknown command.
Casting: Ozocubu's Refrigeration (mildly dangerous; 1% risk of failure)
Confirm with . or Enter, or press ? or * to list all spells.
The heat is drained from your surroundings.
The seraph is severely wounded.
The cherub is moderately wounded.
The seraph shouts a warning to its allies!
The seraph gestures.
Unknown command.
Casting: Ozocubu's Refrigeration (mildly dangerous; 1% risk of failure)
Confirm with . or Enter, or press ? or * to list all spells.
The heat is drained from your surroundings.
The angel is moderately wounded.
The cherub is lightly wounded.
The seraph is almost dead.
The cherub is heavily wounded.
Unknown command.
Casting: Ozocubu's Refrigeration (mildly dangerous; 1% risk of failure)
Confirm with . or Enter, or press ? or * to list all spells.
The heat is drained from your surroundings.
The angel is moderately wounded.
The cherub is lightly wounded.
You kill the seraph!
The angel dissolves into sparkling lights!
The cherub dissolves into sparkling lights! x2
The angel dissolves into sparkling lights!
The cherub is severely wounded.
The cherub unwields a +2 falchion of flaming.
It stops flaming.
The cherub wields a +0 shortbow.
The cherub shoots an arrow.
You block the arrow.
Unknown command.
The cherub shoots an arrow.
The arrow hits you but does no damage.
Casting: Ozocubu's Refrigeration (mildly dangerous; 1% risk of failure)
Confirm with . or Enter, or press ? or * to list all spells.
The heat is drained from your surroundings.
You kill the cherub!
There is an open door here.
MuOP emerges from the mists of memory!
There is a staircase leading out of the dungeon here.
Enter note: gg You have escaped!

.....## ##.##'#
....## ######~.♣
A..## ##.####♣.♣♣#
#'## ##.#...'..≈P#
#.# ##.###.##P..♣#
#.###.## ##.#♣..P#
.......###.##♣P.~#
...###..#.## ♣♣.R#
.........## ♣~.@#
...###...# #####
#.#......#
....##..##
........#
#.......#
#########


You could see the friendly MuOP the battlemage.

Vanquished Creatures
  the Royal Jelly (Slime:5)
  A seraph (D:1)
  An orb of fire (Zot:5)
  Mara (Snake:4)
  A juggernaut (Depths:3)
  A pandemonium lord (Depths:4)
  3 Killer Klowns
  Margery (Vaults:2)
  2 curse toes
  3 caustic shrikes
  A golden dragon (Zot:4)
  the Enchantress (Depths:4)
  3 electric golems
  Jorgrun (D:13)
  8 tentacled monstrosities
  A titan (Depths:3)
  2 deep elf blademasters
  3 quicksilver dragons
  A lich (Depths:1)
  3 walking divine tomes (Depths:3)
  11 Orb Guardians
  6 death cobs
  A deep elf master archer (Elf:3)
  5 sphinxes
  2 krakens
  11 acid blobs
  2 tengu reavers (Depths:2)
  6 storm dragons
  2 shadow dragons
  10 azure jellies
  11 rockslimes
  4 draconian knights
  5 draconian monks
  5 nagarajas (Snake:4)
  4 frost giants
  7 vault wardens
  A balrug (Depths:4)
  5 deep elf sorcerers (Elf:3)
  5 draconian scorchers
  4 fire giants
  3 deep elf elementalists (Elf:3)
  2 ghost moths (Zot:2)
  4 draconian annihilators
  7 draconian stormcallers
  2 orc warlords
  10 quicksilver oozes
  7 spriggan defenders
  6 stone giants
  A reaper (IceCv)
  4 ironbound preservers
  5 draconian shifters
  14 very ugly things
  2 ironbound thunderhulks
  12 green draconians
  8 black draconians
  8 red draconians
  3 deep elf annihilators (Elf:3)
  6 deep elf demonologists (Elf:3)
  5 yellow draconians
  3 minotaurs
  6 purple draconians
  5 dire elephants
  6 spark wasps
  A white draconian (Zot:4)
  3 deep elf death magi (Elf:3)
  3 jiangshi
  4 merfolk impalers
  A blizzard demon (Depths:4)
  A merfolk javelineer (Shoals:3)
  An ettin (Depths:2)
  2 deep elf high priests (Elf:3)
  5 yaktaur captains
  4 fire dragons
  4 vault guards
  5 great orbs of eyes
  A salamander tyrant (Snake:2)
  2 ice dragons
  3 rakshasas
  4 spriggan air magi
  A hell beast (Gauntlet)
  6 ironbound frosthearts
  5 anacondas
  2 catoblepae
  An ogre mage (D:14)
  4 hydras
  2 merfolk avatars
  10 centaur warriors
  7 two-headed ogres
  11 dancing weapons
  A death knight (D:12)
  10 satyrs
  5 boulder beetles
  Erica (D:8)
  3 tengu warriors
  A merfolk aquamancer (Shoals:1)
  2 demonic crawlers (Elf:1)
  15 death yaks
  9 deep troll shamans
  7 naga warriors
  7 deep troll earth magi
  An occultist (Depths:1)
  2 spriggan berserkers
  A vampire mage (Depths:2)
  Urug (Orc:1)
  6 shock serpents
  15 hell knights
  4 orc high priests
  4 naga sharpshooters
  A soul eater (Depths:1)
  19 deep elf knights
  3 sun demons
  A skyshark (Lair:4)
  7 iron trolls
  A salamander mystic (Snake:3)
  7 skeletal warriors
  6 sea snakes
  A cherub (D:1)
  17 deep elf archers
  2 glowing orange brains (Depths:2)
  A flayed ghost (Depths:2)
  A naga ritualist (Snake:4)
  33 deep trolls
  9 arcanists
  5 lindwurms
  Pikel (D:7)
  33 deep elf pyromancers
  9 ironbound convokers
  A steelbarb worm (shapeshifter) (Depths:3)
  6 orc knights
  3 mana vipers
  2 necromancers
  A phantasmal warrior (Vaults:2)
  10 harpies
  A wolf spider (Lair:5)
  5 oklob plants
  6 cyclopes
  19 deep elf zephyrmancers
  38 ugly things
  20 manticores
  5 orc sorcerers
  6 shining eyes
  11 salamanders
  19 moths of wrath
  8 merfolk sirens
  8 elephants
  9 fauns
  A guardian serpent (Snake:3)
  A kobold blastminer (Orc:2)
  Joseph (D:8)
  19 black mambas
  7 naga magi
  14 vault sentinels
  6 water nymphs
  An ice statue (Depths:1)
  3 eyes of devastation (Slime:4)
  A gargoyle (D:12)
  7 rime drakes
  A kobold demonologist (D:12)
  A tormentor (Zot:1)
  Jeremiah (D:8)
  30 yaktaurs
  An anaconda simulacrum (IceCv)
  A freezing wraith (D:14)
  5 tengu conjurers
  9 komodo dragons
  An ice devil (Depths:4)
  3 meliai (Lair:4)
  3 hornets
  5 trolls
  A red devil (D:5)
  A wind drake (Shoals:1)
  16 merfolk
  4 glass eyes
  8 snapping turtles
  3 blink frogs (Lair:4)
  10 dream sheep
  35 slime creatures
  41 yaks
  3 air elementals
  13 wyverns
  2 spriggans (Depths:4)
  5 water elementals
  A wraith (Vaults:2)
  2 basilisks
  2 fire elementals
  A vampire mosquito (Elf:1)
  7 golden eyes
  2 death yak simulacra (IceCv)
  3 redbacks
  3 wargs
  A steam dragon (D:9)
  A harpy simulacrum (IceCv)
  17 nagas
  2 small abominations (Gauntlet)
  An acid dragon (D:12)
  3 water moccasins
  A hell hound (Gauntlet)
  A swamp drake (Lair:5)
  3 sky beasts
  27 orc warriors
  2 ice beasts
  4 black bears
  4 ogres
  13 wolves
  12 centaurs
  A lemure (D:7)
  2 phantoms
  9 bullfrogs
  2 kobold brigands
  2 scorpions
  An earth elemental (Elf:2)
  4 two-headed ogre simulacra (IceCv)
  A wight (D:6)
  38 killer bees
  2 howler monkeys (D:6)
  A crimson imp (D:6)
  5 hounds
  16 orc priests
  3 iguanas
  3 gnoll boudas
  16 orc wizards
  2 polar bear simulacra (IceCv)
  2 spriggan simulacra (IceCv)
  7 hell rats (Lair:1)
  2 troll simulacra (IceCv)
  3 wolf simulacra (IceCv)
  19 adders
  11 gnolls
  A river rat (Lair:4)
  3 white imps (IceCv)
  4 ufetubi
  A dart slug (D:4)
  75 orcs
  10 ball pythons
  10 endoplasms
  2 giant cockroaches
  7 goblins
  2 hobgoblins
  6 jackals
  9 quokkas
  4 bats
  2 frilled lizards (D:2)
  11 kobolds
  6 rats
  2 tentacles (Shoals:2)
1482 creatures vanquished.

Vanquished Creatures (collateral kills)
  Dissolution (Slime:3)
  Tiamat (Zot:3)
  A pandemonium lord (D:5)
  5 ancient liches (Zot:5)
  2 dread liches (Zot:5)
  2 orbs of fire
  A juggernaut (Depths:2)
  Bai Suzhen (Vaults:3)
  3 curse toes
  3 Killer Klowns
  2 caustic shrikes (Depths:4)
  2 golden dragons
  A Brimstone Fiend (D:15)
  2 electric golems
  8 tentacled monstrosities
  17 Orb Guardians
  3 liches
  A deep elf blademaster (Elf:3)
  A deep elf master archer (Elf:3)
  A walking frostbound tome (Depths:3)
  A quicksilver dragon (Zot:5)
  4 sphinxes
  4 death cobs
  10 acid blobs
  10 storm dragons
  14 rockslimes
  2 nagarajas (Snake:4)
  A tengu reaver (Depths:2)
  7 draconian monks
  A demonspawn warmonger (D:4)
  4 shadow dragons
  9 azure jellies
  7 fire giants
  4 iron dragons
  4 frost giants
  A draconian knight (Zot:3)
  2 deep elf elementalists (Elf:3)
  3 ghost moths
  4 vault wardens
  3 draconian shifters
  4 draconian scorchers
  5 orc warlords
  2 draconian stormcallers
  4 formless jellyfish
  10 very ugly things
  6 quicksilver oozes (Slime:5)
  7 ironbound preservers
  A reaper (D:4)
  2 draconian annihilators
  An ironbound thunderhulk (Vaults:3)
  2 stone giants
  A demonspawn corrupter (D:4)
  A deep elf demonologist (Elf:3)
  9 green draconians
  6 black draconians
  7 red draconians
  A deep elf annihilator (Elf:3)
  12 white draconians
  A vampire knight (Vaults:2)
  8 yellow draconians
  A lorocyproca (Depths:3)
  5 spark wasps
  5 dire elephants
  9 purple draconians
  2 blizzard demons (Depths:1)
  4 deep elf death magi (Elf:3)
  2 fire dragons
  5 ettins
  3 jiangshi
  2 merfolk impalers
  2 deep elf high priests
  An entropy weaver (Vaults:2)
  A hell beast (Depths:1)
  4 yaktaur captains
  4 great orbs of eyes
  7 ice dragons
  A vault guard (Vaults:2)
  3 hydras
  A merfolk avatar (Shoals:4)
  A boulder beetle (D:9)
  6 ironbound frosthearts
  A merfolk aquamancer (Shoals:3)
  22 dancing weapons
  3 anacondas
  4 centaur warriors
  2 death yaks
  2 death knights (D:15)
  2 deep troll shamans
  3 tengu warriors
  A satyr (Shoals:4)
  A shock serpent (Snake:2)
  5 deep troll earth magi
  A spriggan berserker (Depths:3)
  8 naga warriors
  2 naga sharpshooters (Snake:3)
  3 vampire magi
  8 hell knights
  7 deep elf knights
  A skyshark (Lair:2)
  3 sun demons
  2 salamander mystics
  3 skeletal warriors (D:15)
  A soul eater (Depths:1)
  7 iron trolls
  A glowing orange brain (Depths:4)
  5 sea snakes
  A swamp dragon (Lair:5)
  15 deep trolls
  A golden dragon skeleton (Depths:2)
  2 naga ritualists
  2 arcanists
  3 deep elf archers
  4 ironbound convokers
  18 harpies
  2 phantasmal warriors
  A lindwurm (shapeshifter) (D:14)
  6 deep elf pyromancers
  3 lindwurms
  4 orc knights
  A mana viper (Snake:1)
  5 necromancers
  A cyclops (D:13)
  32 ugly things
  An oklob plant (Lair:4)
  5 deep elf zephyrmancers
  A wolf spider (Lair:5)
  2 shining eyes
  2 fauns
  6 salamanders
  2 elephants
  2 manticores (Shoals:4)
  2 merfolk sirens
  10 moths of wrath
  2 ice statues
  15 black mambas
  7 guardian serpents
  4 naga magi
  2 water nymphs
  A gargoyle (D:12)
  An unseen horror (D:13)
  8 cane toads
  7 freezing wraiths
  An efreet (D:14)
  A rime drake (Lair:5)
  7 yaktaurs
  4 ice devils
  A tormentor (Depths:4)
  A troll (D:12)
  A wind drake (Shoals:1)
  A burning bush (Lair:5)
  A queen bee (Lair:4)
  7 merfolk
  A polar bear (Lair:2)
  A hornet (Lair:5)
  A glass eye (Depths:2)
  A tarantella (shapeshifter) (Depths:2)
  3 dream sheep
  A stone giant simulacrum (Depths:2)
  50 slime creatures
  A blink frog (Lair:4)
  2 snapping turtles
  2 vampires
  2 shadows (D:9)
  A spriggan (shapeshifter) (D:14)
  6 water elementals
  7 wraiths
  A fire elemental (Elf:2)
  3 small abominations
  8 wyverns
  2 dire elephant simulacra (IceCv)
  5 basilisks
  A death yak simulacrum (IceCv)
  2 golden eyes
  8 yaks
  A steam dragon (Lair:5)
  7 wargs
  A human zombie (Depths:2)
  An acid dragon (D:9)
  14 nagas
  29 water moccasins
  A glowing shapeshifter skeleton (Depths:2)
  2 swamp drakes (Lair:5)
  A hydra simulacrum (IceCv)
  13 orc warriors
  An ice beast (D:8)
  A centaur (D:11)
  2 ogres
  8 wolves
  A kobold brigand (D:12)
  2 earth elementals
  4 bullfrogs
  3 cane toad simulacra (IceCv)
  A human simulacrum (Depths:2)
  6 two-headed ogre simulacra (IceCv)
  10 wights
  9 killer bees
  An elephant simulacrum (IceCv)
  2 howler monkeys (D:9)
  12 orc priests
  3 iguanas (Lair:5)
  7 orc wizards
  4 spriggan simulacra (IceCv)
  A polar bear simulacrum (IceCv)
  4 troll simulacra (IceCv)
  3 naga simulacra (IceCv)
  2 river rats (Lair:4)
  2 white imps
  An ufetubus (IceCv)
  19 orcs
  A butterfly (Lair:1)
905 creatures vanquished.

Vanquished Creatures (others)
  Nikola (Depths:2)
  Asterion (Vaults:3)
  A draconian annihilator (Zot:5)
  A jiangshi (Depths:2)
  A mana viper (Snake:4)
  A manticore (Shoals:4)
  A naga (Snake:4)
  A black bear (D:6)
  122 battlemagi
  6 ancestors
  A boggart simulacrum (D:14)
  698 foxfires
  6 spectral weapons
  10 tentacles
851 creatures vanquished.

Grand Total: 3238 creatures vanquished

Notes
Turn   | Place    | Note
-------+----------+-------------------------------------------
     0 | D:1      | Flugkiller the Mummy Wanderer began the quest for the Orb.
     0 | D:1      | Flugkiller set off with the following items: a +0 club, a
                  | scroll of fog, a +0 leather armour, a scroll of
                  | teleportation; and the following spell memorised: Foxfire;
                  | and the following spells available to memorise: Ignite
                  | Poison, Mephitic Cloud, Flame Wave.
     0 | D:1      | Reached XP level 1. HP: 19/19 MP: 2/2
   541 | D:1      | Found Zilam's Book Shop.
   637 | D:1      | Reached XP level 2. HP: 25/25 MP: 0/5
  1466 | D:2      | Reached skill level 1 in Stealth
  1466 | D:2      | Reached XP level 3. HP: 23/30 MP: 5/7
  2423 | D:3      | Reached XP level 4. HP: 37/37 MP: 7/10
  2909 | D:3      | Got the Precepts of Unspeakable Mysteries and Lightning
  2976 | D:3      | Learned a level 2 spell: Poisonous Vapours
  3575 | D:4      | Reached XP level 5. HP: 42/42 MP: 5/11
  3961 | D:4      | Found an ancient bone altar of Kikubaaqudgha.
  4035 | D:4      | Reached skill level 1 in Air Magic
  4035 | D:4      | Reached skill level 1 in Poison Magic
  4184 | D:4      | Noticed a phantom
  4226 | D:4      | Killed a phantom
  4355 | D:4      | Noticed a yak
  4415 | D:4      | Reached skill level 5 in Spellcasting
  4415 | D:4      | Reached XP level 6. HP: 32/48 MP: 11/13
  4602 | D:4      | Killed a yak
  4603 | D:4      | Reached XP level 7. HP: 49/54 MP: 4/16
  4883 | D:5      | Entered Level 5 of the Dungeon
  5160 | D:5      | Found a broken altar of Ashenzari.
  5160 | D:5      | Found a basalt altar of Yredelemnul.
  5799 | D:5      | Reached XP level 8. HP: 60/60 MP: 11/18
  5854 | D:5      | Reached skill level 5 in Poison Magic
  6025 | D:5      | Learned a level 3 spell: Ignite Poison
  6423 | D:6      | Reached skill level 1 in Transmutations
  7025 | D:6      | Found a shimmering altar of Xom.
  7409 | D:6      | Found a staircase to the Ecumenical Temple.
  7437 | D:6      | Reached XP level 9. HP: 63/65 MP: 7/21
  7452 | Temple   | Entered the Ecumenical Temple
  7463 | Temple   | Became a worshipper of Hepliaklqana the Forgotten
  7654 | D:6      | Found a burning altar of Makhleb.
  8008 | D:7      | Found a sparkling altar of Nemelex Xobeh.
  8069 | D:6      | Learned a level 3 spell: Mephitic Cloud
  8173 | D:1      | Bought a Young Poisoner's Handbook for 280 gold pieces
  8178 | D:1      | Learned a level 4 spell: Olgreb's Toxic Radiance
  8380 | D:7      | Noticed Pikel
  8386 | D:7      | Killed Pikel
  8387 | D:7      | Reached skill level 5 in Fighting
  8857 | D:7      | Reached * piety under Hepliaklqana
  8870 | D:7      | Found a snail-covered altar of Cheibriados.
  9110 | D:7      | Reached skill level 6 in Fighting
  9400 | D:8      | Noticed Jeremiah
  9404 | D:8      | Killed Jeremiah
  9405 | D:8      | Reached XP level 10. HP: 68/68 MP: 5/23
  9575 | D:8      | Noticed Joseph
  9581 | D:8      | Killed Joseph
  9640 | D:8      | Reached skill level 7 in Fighting
  9865 | D:8      | Noticed Erica
  9936 | D:8      | Killed Erica
  9980 | D:8      | Noticed a two-headed ogre
 10013 | D:8      | Killed a two-headed ogre
 10124 | D:8      | Noticed a two-headed ogre
 10212 | D:8      | Killed a two-headed ogre
 10454 | D:9      | Noticed a two-headed ogre
 10461 | D:9      | Killed a two-headed ogre
 10462 | D:9      | Reached skill level 5 in Armour
 10591 | D:9      | Reached skill level 8 in Fighting
 10598 | D:9      | Reached XP level 11. HP: 40/77 MP: 3/24
 10749 | D:9      | Reached ** piety under Hepliaklqana
 10750 | D:9      | Remembered your ancestor MuOP as a battlemage
 10833 | D:9      | Noticed a two-headed ogre
 10838 | D:9      | Killed a two-headed ogre
 11390 | D:9      | Noticed a boulder beetle
 11437 | D:9      | Killed a boulder beetle
 11457 | D:9      | Noticed a brown ugly thing
 11565 | D:9      | Noticed a two-headed ogre
 11640 | D:9      | Killed a two-headed ogre
 11641 | D:9      | Reached skill level 5 in Dodging
 11802 | D:9      | Killed a brown ugly thing
 11959 | D:9      | Noticed a deep elf archer
 11964 | D:9      | Killed a deep elf archer
 12277 | D:9      | Noticed a great orb of eyes
 12282 | D:9      | Killed a great orb of eyes
 12552 | D:10     | Entered Level 10 of the Dungeon
 12636 | D:10     | Got the Information on Nonlocality
 12863 | D:10     | Reached *** piety under Hepliaklqana
 13226 | D:10     | Found a staircase to the Lair.
 13233 | D:10     | Reached skill level 10 in Spellcasting
 13235 | D:10     | Reached XP level 12. HP: 82/82 MP: 6/26
 13733 | D:10     | Found a staircase to the Orcish Mines.
 14147 | D:11     | Reached skill level 5 in Evocations
 14170 | D:11     | Identified the +8 dagger of Bodily Harmony {heavy, rPois
                  | rF- MP+9}
 14202 | D:11     | Noticed a boulder beetle
 14206 | D:11     | Killed a boulder beetle
 14281 | D:11     | Found a frozen archway.
 14343 | IceCv    | Entered an ice cave
 15467 | IceCv    | Reached **** piety under Hepliaklqana
 15495 | IceCv    | Noticed a reaper
 15591 | IceCv    | Reached skill level 1 in Invocations
 15784 | IceCv    | Killed a reaper
 16595 | D:11     | Noticed a two-headed ogre
 16613 | D:11     | Killed a two-headed ogre
 16938 | Orc:1    | Entered Level 1 of the Orcish Mines
 17088 | Orc:2    | Entered Level 2 of the Orcish Mines
 17088 | Orc:2    | Found Onkozuru's General Store.
 17091 | Orc:2    | Noticed an orc warlord
 17092 | Orc:2    | Reached skill level 5 in Invocations
 17092 | Orc:2    | Gained mutation: You are strongly in touch with the powers
                  | of death. [Mummy growth]
 17092 | Orc:2    | Reached XP level 13. HP: 82/88 MP: 15/27
 17097 | Orc:2    | Killed an orc warlord
 17107 | Orc:2    | Found a staircase to the Elven Halls.
 17236 | Orc:2    | Bought a scroll of teleportation for 45 gold pieces
 17512 | Orc:2    | Found Segud's Book Shop.
 17610 | Orc:2    | Found Lenugina's Antique Armour Shop.
 17960 | Orc:2    | Found Mips's Antique Weapon Emporium.
 17971 | Orc:2    | Found Umaf's Antique Weapon Boutique.
 18056 | Orc:2    | Bought a warped ring mail for 261 gold pieces
 18056 | Orc:2    | Identified the +1 ring mail "Bacis" {rElec Will+ Stlth+}
                  | (You bought it in a shop on level 2 of the Orcish Mines)
 18193 | Orc:1    | Noticed an orc warlord
 18199 | Orc:1    | Killed an orc warlord
 18201 | Orc:1    | Reached skill level 9 in Fighting
 18320 | Orc:1    | Noticed Urug
 18340 | Orc:1    | Killed Urug
 18825 | D:1      | Bought a book of the Tundra for 448 gold pieces
 18832 | D:1      | Learned a level 6 spell: Simulacrum
 19053 | Lair:1   | Entered Level 1 of the Lair of Beasts
 19065 | Lair:1   | Reached skill level 1 in Ice Magic
 20075 | Orc:2    | Bought a slimy rapier for 306 gold pieces
 20075 | Orc:2    | Identified the +4 rapier "Horufeorgho" {freeze, rElec rC+}
                  | (You bought it in a shop on level 2 of the Orcish Mines)
 20226 | Lair:2   | Reached skill level 10 in Fighting
 20228 | Lair:2   | Reached ***** piety under Hepliaklqana
 20308 | Lair:2   | Reached skill level 5 in Ice Magic
 20356 | Lair:2   | Found a staircase to the Shoals.
 20438 | Lair:2   | Found a gate leading to a gauntlet.
 20447 | Gauntlet | Entered a Gauntlet
 20447 | Gauntlet | Found a transporter.
 20454 | Gauntlet | Found a transporter.
 20456 | Gauntlet | Found a transporter.
 20464 | Gauntlet | Found a runed translucent gate.
 20464 | Gauntlet | Found a runed translucent gate.
 20464 | Gauntlet | Found a runed translucent gate.
 20467 | Gauntlet | Found a transporter.
 20470 | Gauntlet | Found a transporter.
 20487 | Gauntlet | Found a transporter.
 20495 | Gauntlet | Found a transporter.
 20506 | Gauntlet | Found a transporter.
 20517 | Gauntlet | Found a transporter.
 20535 | Gauntlet | Found a transporter.
 20546 | Gauntlet | Found a transporter.
 20546 | Gauntlet | Found a transporter.
 20587 | Gauntlet | Found a transporter.
 20605 | Gauntlet | Found a transporter.
 21073 | Gauntlet | Identified the ring "Vapsyent" {Contam Will+ Int+9 Slay+2}
 21078 | Gauntlet | Identified the +6 chain mail of Kabreik {Int+5}
 21256 | Gauntlet | Identified the +5 bardiche of the Changing Firefly {drain,
                  | Str+4}
 21256 | Gauntlet | Identified the +7 arbalest of Reinforcement {flame, rElec
                  | rPois Str-4 Stlth-}
 21256 | Gauntlet | Noticed a minotaur
 21261 | Gauntlet | Killed a minotaur
 21262 | Gauntlet | Reached XP level 14. HP: 85/99 MP: 28/28
 21307 | Gauntlet | Identified the +0 hat of Manus {Will++}
 21759 | Lair:2   | Found a staircase to the Snake Pit.
 22433 | Lair:3   | Reached skill level 10 in Ice Magic
 22937 | Lair:3   | Identified the +7 long sword "Kaedosaklu" {flame, rElec rC-
                  | rN++ Dex+3}
 23424 | Lair:4   | Found a staircase to the Slime Pits.
 23609 | Lair:4   | Reached skill level 10 in Armour
 24184 | Lair:4   | Reached skill level 1 in Necromancy
 24447 | Lair:5   | Entered Level 5 of the Lair of Beasts
 24447 | Lair:5   | Reached ****** piety under Hepliaklqana
 24800 | Lair:5   | Reached XP level 15. HP: 89/103 MP: 17/29
 25325 | Lair:5   | Reached skill level 5 in Necromancy
 25664 | Lair:5   | Found the +1 robe of Vines {NoPotionHeal Regen++++}
 25747 | Lair:5   | Identified the ring "Vimuecw" {Contam rN+ Will+ Str-3
                  | Int+6}
 26253 | D:12     | Reached skill level 1 in Shields
 27279 | D:13     | Learned a level 3 spell: Hailstorm
 27348 | D:13     | Noticed Jorgrun
 27355 | D:13     | Killed Jorgrun
 29051 | D:14     | Found a broken altar of Ashenzari.
 29302 | D:14     | Reached XP level 16. HP: 104/109 MP: 22/30
 29329 | D:14     | Found a gate to the Vaults.
 29817 | D:15     | Entered Level 15 of the Dungeon
 30931 | D:15     | Found a runed translucent door.
 30931 | D:15     | Noticed Eneel's ghost (journeyman DsWn)
 31315 | D:15     | Found a staircase to the Depths.
 31584 | D:15     | Found a bloodstained altar of Trog.
 31932 | Orc:2    | Bought a +0 helmet for 67 gold pieces
 31955 | Orc:2    | Learned a level 7 spell: Ozocubu's Refrigeration
 32072 | Shoals:1 | Entered Level 1 of the Shoals
 32166 | Shoals:1 | Found Zucsosir's Weapon Shop.
 32443 | Shoals:1 | Noticed a kraken
 32502 | Shoals:1 | Killed a kraken
 33262 | Shoals:1 | Reached skill level 15 in Ice Magic
 33876 | Shoals:2 | Noticed a kraken
 33881 | Shoals:2 | Killed a kraken
 34044 | Shoals:2 | Reached XP level 17. HP: 115/115 MP: 23/31
 34366 | Shoals:3 | Identified the +5 tower shield of the Immovable Friars
                  | {Str+3 SInv}
 34543 | Shoals:3 | Found a shimmering blue altar of Sif Muna.
 34735 | Shoals:3 | Found Houtoah's Visitors' Centre.
 34746 | Shoals:3 | Found Houtoah's Merfolk Magic.
 34749 | Shoals:3 | Found Houtoah's Merfolk Armours.
 34749 | Shoals:3 | Found Houtoah's Merfolk Weapons.
 34997 | Shoals:4 | Entered Level 4 of the Shoals
 35907 | Shoals:4 | Noticed a sphinx
 35913 | Shoals:4 | Killed a sphinx
 35969 | Shoals:4 | HP: 4/115 [harpy (8)]
 36513 | Shoals:4 | Noticed a sphinx
 36520 | Shoals:4 | Killed a sphinx
 36653 | Shoals:4 | Identified the staff "Fish" {rElec rF+ Dex+4 Air}
 36876 | Shoals:4 | Got a barnacled rune of Zot
 37085 | Snake:1  | Entered Level 1 of the Snake Pit
 38088 | Snake:1  | Found Tatay's Assorted Antiques.
 38090 | Snake:1  | Found Atoat's Armour Boutique.
 38093 | Snake:1  | Found Koun's Book Shop.
 39464 | Snake:2  | Reached XP level 18. HP: 122/122 MP: 11/32
 40644 | Snake:3  | Reached skill level 11 in Fighting
 41601 | Snake:3  | Reached skill level 12 in Fighting
 41800 | Snake:4  | Entered Level 4 of the Snake Pit
 41804 | Snake:4  | Noticed Mara
 42938 | Snake:4  | Reached skill level 13 in Fighting
 43851 | Snake:4  | Noticed Flugkiller's illusion
 43863 | Snake:4  | Killed Mara
 44057 | Snake:4  | Found a gateway to a bazaar.
 44191 | Bazaar   | Entered a bazaar
 44205 | Bazaar   | Found Xomm's Antique Weapon Emporium.
 44205 | Bazaar   | Found Luclam's Antique Weapon Shoppe.
 44227 | Bazaar   | Found Ruenifugh's Jewellery Shoppe.
 44243 | Bazaar   | Found Ohuv's Book Emporium.
 44248 | Bazaar   | Bought a manual of Spellcasting for 880 gold pieces
 44248 | Bazaar   | Bought a Trismegistus Codex for 286 gold pieces
 44318 | Bazaar   | Bought a +5 ring of evasion for 468 gold pieces
 44318 | Bazaar   | Bought a +6 ring of intelligence for 468 gold pieces
 44892 | Snake:4  | Got a serpentine rune of Zot
 45250 | Elf:1    | Entered Level 1 of the Elven Halls
 45595 | Elf:1    | Reached skill level 15 in Spellcasting
 46402 | Elf:1    | Learned a level 5 spell: Metabolic Englaciation
 46408 | Elf:1    | Learned a level 5 spell: Irradiate
 46444 | Elf:1    | Reached XP level 19. HP: 124/134 MP: 19/40
 47701 | Snake:1  | Bought a scarf of resistance for 448 gold pieces
 48013 | Elf:3    | Entered Level 3 of the Elven Halls
 48475 | Elf:3    | Reached skill level 5 in Conjurations
 48924 | Elf:3    | Paralysed by an air elemental for 1 turns
 49534 | Elf:2    | Reached skill level 5 in Transmutations
 50410 | Elf:2    | Found a huge runed translucent gate.
 50410 | Elf:2    | Found a huge runed translucent gate.
 50410 | Elf:2    | Found a huge runed translucent gate.
 50410 | Elf:2    | Found a huge runed translucent gate.
 50411 | Elf:2    | Found a huge runed translucent gate.
 50837 | Elf:3    | Identified the +3 rapier of Bankruptcy {freeze, *Rage rF+
                  | rN++ Str+3}
 51011 | Elf:3    | Identified the +6 battleaxe "Ereuk" {protect, Stlth+}
 51169 | Elf:3    | Identified the +0 scale mail "Seneu" {Str+4}
 51894 | Elf:3    | Noticed a Brimstone Fiend
 52024 | Elf:3    | Noticed a Brimstone Fiend
 52312 | Elf:3    | Identified the +6 flail "Ivuhusifi" {flame, rN+ Str-2
                  | Dex+2}
 52446 | Elf:3    | Reached XP level 20. HP: 140/140 MP: 27/42
 52523 | Elf:3    | Found the +3 pair of mountain boots {steadfast, rC+}
 52530 | Elf:3    | Found the +3 hat of Pondering {ponderous, Will+ MP+10
                  | Int+5}
 52575 | Elf:3    | Identified the staff of Sudden Death {rF+ rN+ Int+3 Necro
                  | Fire}
 52579 | Elf:3    | Identified the staff of Hatred {rC+ Will++ Int-2 Dex+3
                  | Earth}
 53318 | Vaults:1 | Entered Level 1 of the Vaults
 53526 | Vaults:1 | Found Zuxkiriwk's Magic Scroll Boutique.
 53535 | Vaults:1 | Bought a scroll of blinking for 135 gold pieces
 54749 | Vaults:1 | Found Puyvved's Distillery.
 55464 | Vaults:1 | Reached skill level 10 in Conjurations
 56033 | Vaults:2 | Reached skill level 10 in Transmutations
 56568 | Vaults:2 | Noticed Margery
 56595 | Vaults:2 | Killed Margery
 57137 | Vaults:2 | Reached XP level 21. HP: 145/145 MP: 38/43
 57417 | Vaults:2 | Found a staircase to the Crypt.
 58065 | Vaults:3 | Reached skill level 14 in Fighting
 58388 | Vaults:3 | Noticed Bai Suzhen
 58397 | Vaults:3 | Killed Bai Suzhen
 58862 | Vaults:3 | Reached skill level 15 in Fighting
 59087 | Vaults:3 | Noticed Asterion
 59089 | Vaults:3 | Killed Asterion
 60228 | Vaults:4 | Reached skill level 16 in Fighting
 61243 | Elf:2    | Reached skill level 1 in Maces & Flails
 61874 | Elf:3    | Identified the +9 broad axe of Plague {vamp, Fragile Int+3}
 62514 | Depths:1 | Entered Level 1 of the Depths
 63022 | Depths:1 | Found Enanen's Jewellery Shoppe.
 63280 | Depths:1 | Found a shimmering blue altar of Sif Muna.
 63395 | Depths:1 | Reached XP level 22. HP: 61/160 MP: 44/44
 63773 | Depths:1 | Found a one-way gateway to a ziggurat.
 63959 | Depths:1 | Found a gateway to Hell.
 64424 | Depths:1 | Identified the +5 demon blade of Fimbulwinter {drain, *Slow
                  | Fly rF++ rCorr}
 64512 | Depths:2 | Reached skill level 5 in Maces & Flails
 64797 | Depths:2 | Reached skill level 10 in Invocations
 65076 | Depths:2 | Noticed Nikola
 65087 | Depths:2 | Killed Nikola
 65806 | Depths:2 | Noticed a caustic shrike
 65813 | Depths:2 | Killed a caustic shrike
 66313 | Depths:2 | Found the +9 sword of Power {lifebolt}
 66610 | Depths:2 | Noticed a juggernaut
 66783 | Depths:2 | Killed a juggernaut
 67029 | Depths:2 | Found a one-way gate leading to the halls of Pandemonium.
 67096 | Depths:2 | Identified the +2 falchion "Undertaker" {spect, MP+9}
 67500 | Depths:2 | Identified the +4 flail of Generosity {heavy, rF+}
 67663 | Depths:3 | Found Giaruipo's Assorted Antiques.
 68137 | Depths:3 | Reached XP level 23. HP: 165/165 MP: 45/45
 69072 | Depths:3 | Found a one-way gate to the infinite horrors of the Abyss.
 69077 | Depths:3 | Identified the ring of the Demon Prince {Str+6 Slay+3}
 69102 | Depths:3 | Reached skill level 10 in Maces & Flails
 69527 | Depths:3 | Noticed a juggernaut
 69535 | Depths:3 | Killed a juggernaut
 70053 | Depths:3 | Identified the amulet "Dammaus" {RegenMP +Blink}
 70055 | Depths:3 | Identified the +9 morningstar of the Terrible God {speed,
                  | rC++}
 70183 | Depths:3 | Identified the +0 leather armour "Xenkotuj" {rPois rN+
                  | Will+ Int-3}
 70232 | Depths:4 | Entered Level 4 of the Depths
 70238 | Depths:4 | Noticed a caustic shrike
 70240 | Depths:4 | Noticed a caustic shrike
 70241 | Depths:4 | Noticed a caustic shrike
 70241 | Depths:4 | Noticed a caustic shrike
 70252 | Depths:3 | Killed a caustic shrike
 70252 | Depths:3 | Killed a caustic shrike
 70417 | Depths:4 | Killed a caustic shrike
 70423 | Depths:4 | Killed a caustic shrike
 71081 | Depths:4 | Reached skill level 5 in Shields
 71143 | Depths:4 | Noticed the Enchantress
 71154 | Depths:4 | Killed the Enchantress
 71530 | Depths:4 | Found an opulent altar of Gozag.
 71572 | Depths:4 | Found Zaevvad's Antique Armour Boutique.
 71740 | Depths:4 | Found Gozag's Platinum Reserve.
 72019 | Depths:4 | Found a gate to the Realm of Zot.
 72967 | Slime:1  | Entered Level 1 of the Pits of Slime
 73054 | Slime:1  | Found a shimmering altar of Xom.
 74027 | Slime:4  | Noticed Dissolution
 74032 | Slime:3  | Killed Dissolution
 74033 | Slime:3  | Reached XP level 24. HP: 150/171 MP: 42/45
 74309 | Slime:5  | Entered Level 5 of the Pits of Slime
 74310 | Slime:5  | Found a viscous altar of Jiyva.
 74633 | Slime:5  | Noticed the Royal Jelly
 75015 | Slime:5  | Found the sphere of Battle
 75360 | Slime:5  | Found a viscous altar of Jiyva.
 76416 | Slime:5  | Found a viscous altar of Jiyva.
 76528 | Slime:5  | Killed the Royal Jelly
 76885 | Slime:5  | Identified the +4 sling of Laluip {heavy, rCorr Dex+5}
 76951 | Slime:5  | Identified the +1 cloak "Episicuo" {Will+ Str+2 Int+3}
 76964 | Slime:5  | Got the Essays on Angles
 76975 | Slime:5  | Identified the +0 leather armour "Veorch" {Int+4 Dex+2}
 76980 | Slime:5  | Got a slimy rune of Zot
 77025 | Slime:5  | Got the Cyclopedia of the Rocky Panacea
 77785 | Zot:1    | Entered Level 1 of the Realm of Zot
 77962 | Depths:1 | Bought the ring of the Suburbs {Wiz rF++ rC+} for 861 gold
                  | pieces
 78297 | Zot:1    | Found an opulent altar of Gozag.
 78506 | Zot:1    | Reached skill level 10 in Dodging
 80204 | Zot:2    | Reached skill level 10 in Shields
 81219 | Zot:2    | Noticed a Killer Klown
 81219 | Zot:2    | Noticed a Killer Klown
 81219 | Zot:2    | Noticed a Killer Klown
 81962 | Zot:2    | Reached skill level 17 in Fighting
 81963 | Zot:2    | Killed a Killer Klown
 81990 | Zot:2    | Killed a Killer Klown
 81991 | Zot:2    | Reached XP level 25. HP: 153/180 MP: 11/45
 82052 | Zot:2    | Noticed an orb of fire
 82059 | Zot:2    | Killed an orb of fire
 83312 | Zot:2    | Killed a Killer Klown
 83390 | Zot:3    | Reached skill level 18 in Fighting
 83399 | Zot:3    | Found the +4 dragonskin cloak
 83399 | Zot:3    | Noticed Tiamat
 83409 | Zot:3    | Killed Tiamat
 84010 | Zot:3    | Reached skill level 19 in Fighting
 84964 | Zot:4    | Reached skill level 20 in Fighting
 85213 | Zot:4    | Found a shimmering blue altar of Sif Muna.
 85535 | Zot:5    | Entered Level 5 of the Realm of Zot
 86475 | Zot:5    | Learned a level 2 spell: Blink
 86961 | Zot:5    | Noticed an orb of fire
 86968 | Zot:5    | Noticed a Killer Klown
 86968 | Zot:5    | Killed an orb of fire
 86969 | Zot:5    | Reached XP level 26. HP: 191/196 MP: 42/45
 87009 | Zot:5    | Noticed an orb of fire
 87021 | Zot:5    | Killed an orb of fire
 88274 | Zot:5    | Noticed an ancient lich
 88287 | Zot:5    | Killed an ancient lich
 88568 | Zot:5    | Noticed a dread lich
 88583 | Zot:5    | Killed a dread lich
 88669 | Zot:5    | Noticed an ancient lich
 88683 | Zot:5    | Killed an ancient lich
 89051 | Zot:5    | Noticed a dread lich
 89061 | Zot:5    | Killed a dread lich
 89086 | Zot:5    | Noticed an ancient lich
 89096 | Zot:5    | Killed an ancient lich
 89181 | Zot:5    | Reached skill level 15 in Dodging
 89194 | Zot:5    | Noticed an ancient lich
 89202 | Zot:5    | Killed an ancient lich
 89353 | Zot:5    | Noticed an ancient lich
 89361 | Zot:5    | Killed an ancient lich
 89664 | Zot:5    | Got the Orb of Zot
 89763 | Zot:3    | Noticed Wuirer the pandemonium lord
 89953 | Depths:4 | Noticed Ceozom the pandemonium lord
 89955 | Depths:4 | Killed Ceozom the pandemonium lord
 90159 | D:12     | Noticed Lash the pandemonium lord
 90323 | D:5      | Noticed Koenin the pandemonium lord
 90336 | D:5      | Killed Koenin the pandemonium lord
 90471 | D:1      | Noticed a seraph
 90480 | D:1      | Killed a seraph
 90524 | D:1      | gg
 90525 | D:$      | Escaped with the Orb!

Illustrated notes

.....## ##.##'#
....## ######~.♣
A..## ##.####♣.♣♣#
#'## ##.#...'..≈P#
#.# ##.###.##P..♣#
#.###.## ##.#♣..P#
.......###.##♣P.~#
...###..#.## ♣♣.R#
.........## ♣~.@#
...###...# #####
#.#......#
....##..##
........#
#.......#
#########


Turn 90524 on D:1: gg

Levels and vault maps discovered:
D:1:      tarquinn_simple_flora_water_f, layout_loops_corners, serial_shops,
          shop
D:2:      layout_loops_ring
D:3:      layout_basic, minmay_misc_feat_ornament, hangedman_decor_growths
D:4:      layout_loops_cross, mainiacjoe_overflow_catwalk, minmay_joined_circles
D:5:      layout_rooms, nicolae_overflow_two_pavilions, minmay_puff
D:6:      layout_basic, makhleb_grotto_becter, xom_confusion_cloud,
          minmay_temple_entry_hall
D:7:      layout_basic, kennysheep_mini, mainiacjoe_overflow_surrounded_room,
          uniq_pikel
D:8:      layout_loops_ring, uniq_joseph, uniq_jeremiah, uniq_erica
D:9:      nzn_winding_woodlands_cross [nzn_winding_woodlands_5x15_twine,
          nzn_winding_woodlands_5x15_pool, nzn_winding_woodlands_5x15_crooked,
          nzn_winding_woodlands_5x15_default,
          nzn_winding_woodlands_15x15_killbox], layout_small_grid,
          small_statue_intersection
D:10:     layout_basic, david_lair_generic, hiddenorc1_lemuel,
          serial_co_window_serial, co_window_corner_a, co_window_paths_b,
          co_window_paths_a, co_window_paths_a, co_window_paths_b,
          co_window_corner_ca, co_window_broadway_b, co_window_broadway_a,
          co_window_broadway_b, glass_columns_b, glass_columns_a,
          glass_columns_b, glass_columns_a, glass_columns_a
D:11:     layout_roguey [special_room_orc], portal_ice_cave_entry_pillars_2
D:12:     minmay_curly_fans, layout_small_grid
D:13:     orc_temple, layout_cave_pools, uniq_jorgrun
D:14:     dreamdust_cave_troll, layout_basic, david_vaults_5,
          cheibrodos_ashenzari_chains
D:15:     grunt_enter_depths_snipers, layout_basic, ebering_ghost_inner_flame,
          trog_three_pillars_becter
Temple:   hellmonk_temple_of_storms
Lair:1:   layout_layer_cave, dreamdust_mushroom_princess, lemuel_fruit_fields
Lair:2:   layout_regular_city, nicolae_shoals_entry_roost,
          nicolae_snake_entry_squirm, gauntlet_entry_generic
Lair:3:   layout_roguey, grunt_megastairs_2
Lair:4:   hangedman_what_comes_after_a, layout_hall_layers, slime_entry_1,
          pdpol_lair_neglected_garden, dreamdust_gnoll_shepherd
Lair:5:   hangedman_lair_tendril_chambers, layout_gridlike,
          guppyfry_lair_end_dragon, evilmike_ambush
          [evilmike_ambush_outer_basic, evilmike_ambush_inner_basic]
Shoals:1: layout_shoals, serial_shops, shop_statue
Shoals:2: layout_shoals, nicolae_shoals_this_corrosion
Shoals:3: nicolae_shoals_mermall, layout_shoals, lemuel_altar_in_water,
          nicolae_shoals_mertower
Shoals:4: shoals_end_hellmonk_lost_city
Snake:1:  layout_grid_maze, minmay_shop_star
Snake:2:  layout_misc_corridors
Snake:3:  layout_misc_corridors, hangedman_snake_thin_pillar_pass,
          nicolae_fountain_basement
Snake:4:  grunt_snake_rune_pools, layout_onion_interference, serial_shops,
          freezing_bzr, st_stairs_10, lemuel_fruit_tree, uniq_mara
Slime:1:  layout_caves, basic_altar
Slime:2:  layout_caves, basic_altar, nicolae_slime_barrier
Slime:3:  cheibrodos_slime_lost_civilization_2, layout_caves
Slime:4:  layout_caves, dissolution_awaits
Slime:5:  slime_pit_nicolae_jellycorners
Orc:1:    layout_diamond_mine, mines2_david, uniq_urug
Orc:2:    grunt_orc_gardens, layout_diamond_mine, grunt_orc_garden,
          grunt_orc_garden, grunt_orc_garden, grunt_orc_garden, serial_shops,
          shop, basic_altar, minmay_orc_temple_a
Elf:1:    eino_elf_arrival_customs, layout_geoelf_octagon,
          hangedman_elven_crosses_minicolossus, einodemon_crawler_minivault
Elf:2:    elven_hall_of_blades_hangedman_alternative
          [nicolae_blade_little_rooms], layout_loops_cross, lemuel_elevator
Elf:3:    grunt_elf_hall_asides, layout_gridlike
Vaults:1: nicolae_vaults_border_crossing, ontoclasm_vaults_ring_square,
          vaults_room_fours, ontoclasm_vaults_shuriken,
          vaults_dpeg_encased_lava, nicolae_vaults_spaceships,
          nicolae_vaults_windows_and_doors_thing,
          nicolae_vaults_big_angled_halls, v_misc_24,
          nicolae_vaults_tetromino_Z_1, v_pattern_1,
          nicolae_vaults_three_branches, nicolae_vaults_trapezoid_lopsided_1,
          layout_vaults_ring, serial_shops, shop, nicolae_lakefront_shop
Vaults:2: minmay_crypt_entry_simple_plaza, v_alt_pattern_6,
          nicolae_vaults_meiosis, hangedman_vaults_river_flow,
          nicolae_vaults_cornered_office, nicolae_vaults_storage_room_statues,
          v_misc_3, v_misc_31, nicolae_vaults_little_squares_3,
          nicolae_vaults_diamond_2, vaults_room_pools, layout_vaults_big_cross,
          uniq_margery
Vaults:3: nicolae_vaults_gold_heap, vaults_dpeg_diagonal, vaults_mumra_chevron,
          nicolae_vaults_double_plus_1, ontoclasm_vaults_ring_small,
          nicolae_vaults_tetromino_T_1, vaults_dpeg_ring,
          layout_vaults_chaotic_city, uniq_bai_suzhen, uniq_asterion
Vaults:4: nicolae_vaults_house_2, v_misc_13, nicolae_vaults_yaktaur_gun_rack,
          grunt_vaults_funnel, vaults_room_door_hall,
          hangedman_vaults_corner_blocks, nicolae_vaults_stepped_doors,
          ontoclasm_vaults_ligature, v_misc_32, nicolae_vaults_ninety_degrees,
          layout_vaults_omnigrid
Depths:1: layout_gridlike, enter_ziggurat_c, serial_shops, shop,
          lemuel_tele_altar, hellmouth_1, ice2_lemuel
Depths:2: little_maze_vault, layout_gridlike, pan_entry, grunt_metal_band,
          infiniplex_staircase_zigzag_5, grunt_megastairs_1, uniq_nikola
Depths:3: minmay_tearing_corner, layout_basic, pf_hell_entry_tar_spiral,
          serial_shops, shop, abyss_entry
Depths:4: evilmike_zot_entry_round, layout_cave_pools, hangedman_geh_valley,
          serial_shops, shop, abyss_entry, chequers_serial_rivers_micro_b,
          nicolae_gozag_zags_fifth_avenue, grunt_megastairs_4, uniq_jory,
          uniq_enchantress
Zot:1:    layout_onion_interference, regret_index_zotdec_silver_v_v_orig_slice,
          grunt_megastairs_3
Zot:2:    grunt_deathspiral_small, layout_cathedral_of_symmetry
Zot:3:    layout_misc_corridors, uniq_tiamat
Zot:4:    layout_concentric_octagons, regret_index_zotdec_magical_s
Zot:5:    layout_cathedral_of_symmetry

Skill      XL: |  1  2  3  4  5  6  7  8  9 10 11 12 13 14 15 16 17 18 19 20 21 22 23 24 25 26 |
---------------+-------------------------------------------------------------------------------+-----
Spellcasting   | 2 3 4 5 6 7 8 9 10 17 18 | 18.0
Fire Magic     | 2 3 4 |  4.1
Stealth        | 1 |  1.0
Conjurations   | 2 3 8 11 12 | 12.0
Air Magic      | 1 2 |  2.0
Poison Magic   | 1 3 4 6 7 9 |  9.0
Evocations     | 2 3 4 6 8 |  8.0
Transmutations | 1 7 10 | 10.0
Fighting       | 6 8 10 13 16 17 20 | 20.0
Armour         | 4 5 8 11 13 14 | 14.0
Dodging        | 4 6 7 12 13 15 | 15.0
Invocations    | 5 8 9 10 12 | 12.4
Ice Magic      | 7 10 12 15 18 | 18.0
Necromancy     | 3 9 |  9.1
Shields        | 4 8 10 12 | 12.0
Maces & Flails | 4 8 12 | 12.0

Action                     |  1- 3 |  4- 6 |  7- 9 | 10-12 | 13-15 | 16-18 | 19-21 | 22-24 | 25-27 || total
---------------------------+-------+-------+-------+-------+-------+-------+-------+-------+-------++-------
  Melee: Club              |     2 |       |       |       |       |       |       |       |       ||     2
         Short sword       |    40 |    47 |    31 |       |       |       |       |       |       ||   118
         Staff             |       |       |    43 |    82 |   257 |   257 |    68 |   116 |    21 ||   844
         Punch             |       |       |       |       |     4 |       |       |       |       ||     4
         Demon whip        |       |       |       |       |       |       |       |   271 |   244 ||   515
   Cast: Foxfire           |    56 |   114 |    98 |    97 |    52 |    11 |       |       |       ||   428
         Poisonous Vapours |       |       |    85 |    67 |    74 |    90 |       |    12 |     4 ||   332
         Ignite Poison     |       |       |    26 |    49 |    67 |    80 |     3 |    16 |     5 ||   246
         Olgreb's Toxic Ra |       |       |     4 |    42 |   168 |    91 |    22 |    50 |     9 ||   386
         Mephitic Cloud    |       |       |       |     4 |     2 |     4 |       |       |       ||    10
         Hailstorm         |       |       |       |       |    10 |    36 |     6 |     1 |       ||    53
         Simulacrum        |       |       |       |       |       |    10 |       |       |       ||    10
         Ozocubu's Refrige |       |       |       |       |       |   226 |   470 |   369 |   180 ||  1245
         Irradiate         |       |       |       |       |       |       |    15 |    76 |    45 ||   136
         Metabolic Englaci |       |       |       |       |       |       |     2 |    20 |     1 ||    23
         Blink             |       |       |       |       |       |       |       |       |     4 ||     4
 Invoke: Ancestor Identity |       |       |     1 |       |       |       |       |       |       ||     1
         Recall Ancestor   |       |       |       |     2 |     6 |    15 |     3 |     4 |    15 ||    45
         Ancestor Life: Ba |       |       |       |     1 |       |       |       |       |       ||     1
         Idealise          |       |       |       |       |     5 |       |     3 |     7 |     8 ||    23
         Transference      |       |       |       |       |     1 |       |       |       |       ||     1
  Evoke: Wand              |       |     6 |     4 |    14 |    22 |     2 |     9 |     5 |     3 ||    65
         Phantom mirror    |       |       |       |       |       |       |       |     2 |       ||     2
         Box of beasts     |       |       |       |       |       |       |       |     1 |       ||     1
    Use: Scroll            |     5 |     1 |     6 |     2 |     8 |     6 |     6 |    20 |    10 ||    64
   Stab: Sleeping          |     1 |       |       |       |       |       |       |     1 |       ||     2
         Distracted        |       |       |       |       |     4 |     3 |     1 |    15 |     8 ||    31
 Armour: Leather armour    |    47 |    65 |   112 |       |       |       |       |       |       ||   224
         Ring mail         |       |       |       |   151 |    95 |       |       |       |       ||   246
         Skin              |       |       |       |     3 |       |       |       |       |       ||     3
         Chain mail        |       |       |       |       |   309 |   566 |   350 |   290 |       ||  1515
         Acid dragon scale |       |       |       |       |       |       |       |   318 |   259 ||   577
  Dodge: Dodged            |    63 |    64 |   107 |    90 |   222 |   217 |   103 |   287 |   160 ||  1313
  Block: Other             |    12 |    30 |    41 |    44 |    68 |       |       |       |       ||   195
         Reflection        |       |       |       |     3 |    13 |    53 |    39 |     1 |       ||   109
         Buckler           |       |       |       |       |    54 |   386 |   163 |   167 |       ||   770
         Kite shield       |       |       |       |       |       |       |       |    59 |   219 ||   278

Table legend: (Time is in decaauts)
 A = Elapsed time spent in this place.
 B = Non-inter-level travel time spent in this place.
 C = Inter-level travel time spent in this place.
 D = Time resting spent in this place.
 E = Time spent auto-exploring this place.
 F = Levels seen in this place.
 G = Mean time per level.
                   A        B        C        D        E       F      G
               +--------+--------+--------+--------+--------+-----+--------+
         Total |  92973 |  83886 |   9087 |  34763 |  30751 |  55 | 1690.4 |
       Dungeon |  23100 |  20075 |   3025 |   6620 |   8379 |  15 | 1540.0 |
        Temple |     22 |      2 |     20 |      0 |      0 |   1 |   22.0 |
          Lair |   7540 |   6192 |   1348 |   1647 |   2973 |   5 | 1508.0 |
        Shoals |   5013 |   4861 |    152 |   2169 |   1475 |   4 | 1253.2 |
     Snake Pit |   8184 |   7689 |    495 |   4301 |   2118 |   4 | 2046.0 |
    Slime Pits |   4642 |   4501 |    141 |   1651 |   1878 |   5 |  928.4 |
  Orcish Mines |   2017 |   1500 |    517 |    575 |    521 |   2 | 1008.5 |
   Elven Halls |   8220 |   7480 |    740 |   3936 |   2179 |   3 | 2740.0 |
        Vaults |   8552 |   7649 |    903 |   2738 |   3609 |   4 | 2138.0 |
        Depths |  11065 |   9731 |   1334 |   4592 |   3206 |   4 | 2766.2 |
           Zot |  11364 |  10956 |    408 |   4949 |   3690 |   5 | 2272.8 |
        Bazaar |    167 |    167 |      0 |      0 |     80 |   1 |  167.0 |
      Ice Cave |   2207 |   2207 |      0 |   1075 |    429 |   1 | 2207.0 |
      Gauntlet |    874 |    874 |      0 |    507 |    211 |   1 |  874.0 |
               +--------+--------+--------+--------+--------+-----+--------+

Top non-repeatable levels by time:
   Zot:5: 4195 daAuts
Depths:2: 3320 daAuts
   Zot:2: 3256 daAuts
 Snake:3: 3165 daAuts
Vaults:1: 3095 daAuts
   Elf:3: 2956 daAuts
Depths:1: 2936 daAuts
 Slime:5: 2644 daAuts
   Elf:2: 2635 daAuts
   Elf:1: 2628 daAuts
Depths:3: 2622 daAuts
    D:15: 2303 daAuts
    D:10: 2237 daAuts
   IceCv: 2207 daAuts
Depths:4: 2186 daAuts
